Map: Overgrown Facility

Players

kayz

  • Race: Terran Terran
  • League: Diamond
  • Spawn Location: 1:00

Phlogiston

  • Race: Terran Terran
  • League: Diamond
  • Spawn Location: 3:00

blackxored - Winner!

  • Race: Zerg Zerg
  • League: Diamond
  • Spawn Location: 7:00

Aglomerat - Winner!

  • Race: Zerg Zerg
  • League: Platinum
  • Spawn Location: 9:00

VOD

Have the link to the VOD?

Description

Time

  • Played on: Nov. 25, 2017, 2:46 p.m.
  • Length: 18:31
Show
View Real Time Build Order
Export as new Build Order

kayz Terran 

Build Orders: Hellion Opening, MMM Bio 

Get SALT Encoding   

  12  0:00  SCV  
  13  0:13  SCV  
  14  0:18  Supply Depot  
  14  0:25  SCV  
  15  0:31  Refinery  
  15  0:40  SCV  
  16  0:49  Barracks  
  16  0:52  SCV  
  17  1:04  SCV  
  18  1:10  Supply Depot  
  18  1:16  SCV  
  19  1:28  SCV  
  20  1:37  Factory, Marine  
  21  1:45  Orbital Command  
  21  1:55  Barracks Reactor  
  21  2:17  SCV  
  22  2:29  Command Center  
  22  2:39  Hellion x2  
  22  2:40  SCV  
  27  2:44  Refinery  
  27  2:48  Supply Depot  
  27  2:55  SCV  
  28  3:01  Hellion  
  28  3:05  Supply Depot  
  30  3:11  Hellion  
  32  3:13  Marine  
  32  3:16  SCV  
  34  3:23  Hellion  
  36  3:38  Hellion  
  38  3:44  Hellion  
  39  4:00  Hellion  
  35  4:06  Hellion  
  32  4:12  Marine  
  32  4:13  SCV  
  32  4:14  Orbital Command  
  34  4:21  Hellion  
  34  4:23  Barracks  
  36  4:27  SCV, Hellion  
  39  4:32  Barracks Tech Lab  
  39  4:37  Starport  
  39  4:42  Hellion  
  41  4:48  Cyclone  
  41  4:50  SCV x2  
  46  4:56  Engineering Bay  
  46  4:59  Engineering Bay  
  46  5:02  SCV  
  46  5:06  Stimpack, Marine  
  48  5:08  SCV  
  49  5:14  SCV, Armory  
  49  5:19  Viking  
  52  5:22  SCV  
  53  5:29  Terran Infantry Weapons Level 1, Terran Infantry Armor Level 1  
  53  5:33  SCV, Refinery  
  54  5:36  SCV, Marine  
  54  5:39  Marine  
  57  5:48  Supply Depot x2  
  57  6:03  Cyclone  
  60  6:06  Marauder  
  60  6:08  Barracks Reactor  
  60  6:09  Cyclone  
  65  6:11  SCV  
  65  6:12  SCV, Supply Depot  
  65  6:13  Supply Depot  
  65  6:18  Refinery  
  67  6:21  Supply Depot  
  67  6:23  SCV  
  67  6:24  Terran Vehicle Weapons Level 1  
  68  6:40  SCV x2, Factory  
  68  6:43  Starport Reactor  
  70  6:48  Missile Turret  
  70  6:50  Missile Turret, Marine x2  
  70  6:51  Marine  
  73  6:56  SCV  
  73  7:00  SCV  
  75  7:07  Combat Shields  
  69  7:21  SCV  
  69  7:22  SCV  
  69  7:24  Marine x3  
  69  7:26  Factory Tech Lab  
  69  7:28  Medivac x2  
  69  7:29  Terran Infantry Weapons Level 2  
  76  7:33  SCV  
  77  7:37  SCV  
  77  7:43  Terran Infantry Armor Level 2  
  78  7:59  Marine x3  
  78  8:02  Medivac  
  78  8:05  Command Center, Medivac  
  85  8:08  SCV x2  
  87  8:18  Terran Vehicle Weapons Level 2  
  89  8:27  Hellion x2  
  89  8:30  Infernal Pre-Igniter  
  89  8:33  Hellion  
  93  8:35  Marine x2  
  93  8:36  Marine  
  78  9:09  Viking x2  
  82  9:19  Marine x3  
  82  9:23  Cyclone  
  88  9:28  SCV x2  
  90  9:39  Marine x3  
  91  9:45  Planetary Fortress  
  91  9:47  SCV  
  91  9:48  SCV  
  45  10:14  Marine x2  
  45  10:15  Marine  
  45  10:16  Viking x2  
  45  10:20  SCV x2  
  54  10:32  SCV  
  54  10:33  SCV  
  54  10:34  SCV  
  57  10:46  Terran Infantry Weapons Level 3  
  57  10:50  SCV  
  57  10:51  SCV, Refinery  
  57  10:52  SCV, Refinery  
  57  10:55  Barracks  
  57  10:56  Barracks  
  60  10:57  Barracks  
  60  11:00  Marine x3  
  66  11:05  Cyclone x2  
  66  11:25  Marine x3  
  69  11:27  SCV x3  
  72  11:34  Missile Turret  
  72  11:48  Marine x3  
  72  11:49  Marine x3  
  78  11:57  Cyclone  
  78  11:58  Cyclone x2  
  79  12:06  Marine x4  
  79  12:07  Marine  
  71  12:16  Marine  
  61  12:24  Marine x3  
  64  12:30  SCV x3  
  67  12:42  SCV  
  68  12:44  SCV x2  
  68  12:48  Viking  
  51  13:23  Marine x5  
  51  13:24  Marine  
  51  13:26  Cyclone x2  
  63  13:27  Cyclone  
  63  13:28  Medivac x2  
  63  13:32  SCV x3  
  70  13:44  SCV x3  
  70  13:47  Marine x4  
  70  13:48  Marine x2  
  79  13:53  Rapid Fire Launchers  
  79  13:55  Terran Infantry Armor Level 3  
  79  13:57  Building Armor  
  79  14:05  Terran Vehicle Weapons Level 3  
  79  14:07  SCV  
  80  14:10  SCV x2  
  82  14:25  Marine x2  
  82  14:26  Marine x4  
  88  14:39  Viking x2  
  88  14:43  Marine x3  
  88  14:44  Marine, Cyclone x2  
  99  15:05  Marine x5  
  99  15:06  Marine  
  105  15:08  Cyclone  
  105  15:09  Medivac x2  
  94  15:23  Marine x6  
  86  15:32  Starport  
  76  15:38  SCV x3  
  76  15:39  Viking  
  76  15:41  Marine x2  
  83  15:46  Refinery  
  62  16:08  Marine  
  62  16:09  Marine x5  
  73  16:25  Medivac  
  73  16:26  Medivac x2, Marine x2  
  73  16:27  Marine x3  
  70  16:44  Marine x3  
  70  16:45  Marine x2  
Show
View Real Time Build Order
Export as new Build Order

Phlogiston Terran 

Build Orders: Reaper Expand, Mech 

Get SALT Encoding   

  12  0:01  SCV  
  13  0:13  SCV  
  14  0:18  Supply Depot  
  14  0:25  SCV  
  15  0:40  SCV  
  15  0:41  Barracks  
  16  0:46  Refinery  
  16  0:52  SCV  
  17  1:04  SCV  
  18  1:16  SCV  
  19  1:29  Reaper  
  19  1:30  Orbital Command  
  20  1:44  Command Center  
  20  1:52  Supply Depot  
  20  1:55  SCV  
  21  2:04  Supply Depot  
  21  2:08  SCV  
  22  2:10  Barracks Reactor  
  22  2:25  SCV  
  23  2:36  Factory, Refinery  
  23  2:38  SCV  
  24  2:46  Marine x2  
  24  2:50  SCV  
  27  2:56  Orbital Command  
  27  3:02  SCV  
  28  3:12  Factory  
  28  3:14  SCV  
  28  3:17  Marine  
  28  3:18  Marine  
  31  3:25  Hellion  
  31  3:26  SCV, Bunker  
  34  3:37  Starport  
  34  3:39  Marine x2  
  36  3:44  SCV  
  36  3:45  SCV  
  38  3:49  Engineering Bay  
  38  3:57  SCV  
  38  4:01  Marine x2  
  44  4:02  Hellion  
  44  4:03  Hellion  
  44  4:10  SCV  
  44  4:11  SCV  
  46  4:18  Medivac  
  46  4:19  Marine x2  
  46  4:22  SCV  
  46  4:24  SCV, Hellion  
  54  4:25  Armory  
  54  4:35  Factory Tech Lab  
  54  4:39  Armory  
  54  4:42  Supply Depot  
  54  4:45  Supply Depot  
  54  4:48  Factory Reactor  
  54  5:04  SCV x2, Siege Tank  
  54  5:05  Starport Reactor  
  54  5:06  Marine x2  
  61  5:16  SCV x2  
  63  5:22  Missile Turret  
  63  5:24  Refinery  
  63  5:27  Widow Mine, Marine x2  
  67  5:28  SCV x2  
  67  5:30  Refinery  
  67  5:32  Terran Vehicle Weapons Level 1, Missile Turret  
  69  5:36  Missile Turret  
  69  5:40  SCV  
  70  5:50  Hellion  
  70  5:54  SCV x2  
  70  5:56  Infernal Pre-Igniter  
  64  5:58  Hellion x2  
  68  6:06  SCV x2  
  70  6:16  Command Center  
  70  6:21  Supply Depot  
  70  6:24  Supply Depot  
  70  6:29  Terran Vehicle And Ship Armor Level 1  
  70  6:39  Factory  
  70  6:40  Factory  
  70  6:43  SCV x2, Hellion  
  70  6:46  Barracks Tech Lab  
  74  6:55  SCV x2  
  76  7:07  SCV x2  
  78  7:09  Supply Depot  
  78  7:11  Supply Depot  
  78  7:13  Supply Depot  
  78  7:17  Supply Depot  
  78  7:19  SCV x2, Missile Turret  
  80  7:24  Missile Turret  
  80  7:26  Missile Turret  
  80  7:28  Orbital Command  
  80  7:44  Liberator x2  
  80  7:51  Factory Reactor  
  80  7:53  Factory Reactor  
  80  7:54  Factory Tech Lab  
  80  7:58  Factory  
  80  8:00  Hellion x4  
  80  8:01  Hellion  
  80  8:02  SCV, Barracks Tech Lab  
  97  8:05  Refinery  
  97  8:07  Refinery  
  97  8:09  SCV x2  
  99  8:14  SCV  
  99  8:17  Command Center  
  99  8:18  Hellion  
  102  8:21  Hellion x2, SCV  
  107  8:28  Hellion x2  
  111  8:42  Siege Tank x2  
  111  8:44  SCV x2, Viking x2  
  123  8:50  Starport  
  123  8:51  SCV  
  123  8:54  Refinery  
  124  8:57  Hellion, Refinery  
  126  9:13  Missile Turret  
  126  9:14  Siege Tank  
  129  9:21  Hellion x5  
  93  9:32  Planetary Fortress  
  93  9:35  SCV  
  93  9:37  SCV, Missile Turret  
  93  9:38  SCV, Missile Turret  
  96  9:40  Missile Turret  
  96  9:42  Hellion  
  98  9:46  Starport Tech Lab  
  98  9:47  Fusion Core  
  98  9:55  Terran Vehicle And Ship Armor Level 2, Terran Vehicle Weapons Level 2  
  98  10:01  Factory  
  98  10:04  Siege Tank x2  
  104  10:07  Barracks Tech Lab  
  104  10:13  Viking x3  
  108  10:37  Thor x3  
  123  10:55  Hellion x2, Viking x3  
  133  11:17  Hellion x4  
  125  11:21  Hellion x3  
  125  11:25  Viking x3  
  133  11:27  SCV x3  
  140  11:46  Hellion x4  
  148  11:49  Smart Servos  
  143  11:55  Viking x2, Raven  
  140  12:04  Hellion x2  
  140  12:05  Hellion  
  130  12:24  Hellion x2  
  130  12:25  Hellion x3, Viking x2  
  144  12:32  Missile Turret  
  136  12:38  Raven, Liberator x2  
  132  12:51  Hellion  
  134  12:53  Hellion x4  
  134  12:54  Missile Turret  
  148  13:10  Hellion  
  148  13:11  Hellion  
  148  13:12  Hellion  
  112  13:21  Raven, Liberator  
  108  13:27  Hellion  
  108  13:28  Hellion x4  
  108  13:32  Hellion x2  
  108  13:33  Hellion  
  124  13:34  Weapon Refit  
  124  13:40  Command Center  
  127  13:45  Factory  
  127  13:47  Terran Vehicle Weapons Level 3  
  127  13:48  Barracks Tech Lab  
  127  13:52  Terran Vehicle And Ship Armor Level 3  
  127  14:04  Raven  
  127  14:06  Siege Tank x3  
  138  14:17  Missile Turret  
  138  14:21  Liberator  
  106  14:37  Hellion x5  
  116  14:38  Hellion, Siege Tank x2  
  116  14:41  SCV  
  116  14:42  SCV  
  127  14:59  Siege Tank  
  119  15:24  Hellion  
  119  15:25  Hellion x6  
  129  15:30  Hellion x4  
  129  15:31  Hellion  
  126  15:46  Hellion x5  
  126  15:47  Hellion x2  
  136  15:54  Hellion  
  134  16:07  Hellion  
  134  16:08  Hellion x2  
  124  16:15  Hellion  
  124  16:16  Hellion x4  
  132  16:26  Planetary Fortress  
  132  16:30  SCV x3  
  132  16:31  Missile Turret  
  129  16:37  Thor x3, Siege Tank  
  133  16:43  Siege Tank  
  133  16:45  Factory  
  133  16:46  Hellion x3  
  136  16:52  Viking x2  
  121  17:09  Thor  
  121  17:12  Viking  
  121  17:14  Widow Mine x2  
  131  17:21  Widow Mine  
  131  17:28  Widow Mine  
  131  17:30  Viking  
  131  17:38  Viking  
  131  17:42  Viking  
  131  17:43  Widow Mine  
  131  17:44  Thor  
  127  17:53  Hellion  
  127  17:54  Hellion  
  127  17:56  Hellion  
  130  17:59  Hellion  
Show
View Real Time Build Order
Export as new Build Order

blackxored Zerg - Winner!

Build Orders: Hatch First, Muta Ling Bane 

Get SALT Encoding   

  12  0:01  Drone  
  13  0:12  Overlord  
  13  0:18  Drone  
  14  0:34  Drone x2  
  16  0:36  Drone  
  17  0:56  Drone  
  18  0:57  Hatchery  
  18  1:00  Drone  
  18  1:10  Extractor  
  17  1:15  Spawning Pool  
  17  1:18  Drone  
  17  1:21  Drone  
  18  1:28  Drone  
  19  1:39  Overlord  
  19  2:01  Queen  
  19  2:02  Zergling x4  
  23  2:10  Zergling x2  
  23  2:11  Queen  
  23  2:12  Drone  
  23  2:14  Metabolic Boost  
  27  2:22  Drone x2  
  29  2:40  Baneling Nest  
  28  2:49  Drone x3  
  28  2:50  Drone  
  32  2:59  Hatchery  
  32  3:03  Overlord  
  31  3:06  Drone  
  31  3:10  Drone  
  33  3:16  Zergling x4  
  35  3:23  Overlord  
  35  3:38  Zergling x14  
  35  3:40  Baneling x3  
  41  3:46  Queen  
  43  3:54  Zergling x6  
  44  4:00  Zergling x4  
  42  4:13  Drone x6  
  48  4:19  Queen  
  50  4:27  Drone x3  
  53  4:32  Overlord  
  53  4:49  Baneling x3  
  53  4:52  Drone x3  
  56  4:55  Drone  
  56  4:56  Evolution Chamber x2, Drone x2  
  57  5:00  Extractor, Drone x3  
  57  5:05  Zergling x6  
  62  5:12  Zergling x6  
  65  5:18  Overlord  
  65  5:23  Overlord  
  65  5:24  Overlord  
  65  5:28  Zerg Ground Armor Level 1  
  65  5:32  Zerg Melee Weapons Level 1  
  62  6:02  Zergling x30  
  77  6:06  Queen  
  81  6:17  Drone x3  
  81  6:18  Drone x4  
  88  6:23  Lair  
  86  6:39  Extractor, Drone x3  
  88  6:40  Drone  
  88  6:45  Drone  
  88  6:46  Overlord x2  
  90  6:50  Overlord x3  
  90  7:06  Drone x3  
  93  7:08  Extractor  
  93  7:11  Drone  
  93  7:14  Queen  
  95  7:19  Hatchery  
  94  7:27  Drone x7  
  94  7:28  Queen  
  103  7:30  Zerg Melee Weapons Level 2, Centrifical Hooks, Zerg Ground Armor Level 2  
  103  7:31  Overseer  
  103  7:42  Zergling x6  
  105  7:49  Baneling  
  105  7:50  Baneling x7  
  105  7:51  Baneling x6  
  103  8:04  Extractor, Drone x3  
  105  8:05  Extractor, Drone  
  105  8:06  Drone x3  
  108  8:13  Overlord x4  
  108  8:22  Zergling x2  
  108  8:23  Zergling x4  
  111  8:34  Zergling x16  
  111  8:35  Zergling x4  
  111  8:37  Spire  
  120  8:43  Queen  
  120  8:45  Zergling x8  
  126  8:57  Zergling x8  
  126  9:01  Baneling x19  
  126  9:02  Baneling x6  
  130  9:07  Zergling x12  
  130  9:08  Zergling x2  
  135  9:18  Zergling x16  
  116  9:25  Zergling x4  
  115  9:31  Queen x2  
  115  9:32  Queen x2  
  123  9:49  Mutalisk x9  
  123  9:52  Overseer  
  140  10:05  Zergling x26  
  116  10:07  Queen  
  116  10:12  Mutalisk x3  
  124  10:18  Zergling x10  
  129  10:25  Mutalisk x2  
  123  10:37  Mutalisk x2  
  123  10:40  Zergling x2  
  123  10:41  Zergling x24  
  130  10:57  Zergling x2, Infestation Pit  
  130  10:58  Zergling x14  
  130  10:59  Baneling x11  
  130  11:00  Baneling  
  131  11:08  Zergling x6  
  132  11:13  Zergling x6  
  132  11:16  Baneling x10  
  132  11:17  Baneling  
  125  11:31  Extractor, Drone x2  
  125  11:32  Extractor, Drone x3  
  128  11:33  Drone x3  
  128  11:35  Zergling x2, Hive  
  128  11:36  Zergling x12  
  128  11:39  Baneling x8  
  138  11:45  Zergling x6  
  141  11:53  Zergling x6  
  144  11:59  Overlord x3  
  144  12:00  Overlord  
  128  12:20  Baneling  
  128  12:21  Baneling x11  
  128  12:22  Baneling x14  
  114  12:48  Greater Spire, Corruptor  
  114  12:49  Corruptor x5  
  126  13:09  Zergling x2  
  126  13:10  Zergling x46  
  126  13:11  Zergling x2  
  134  13:34  Hydralisk Den  
  134  13:36  Ultralisk Cavern  
  132  13:46  Overlord x5  
  132  13:49  Zerg Ground Armor Level 3, Zerg Melee Weapons Level 3  
  132  13:50  Adrenal Glands  
  132  13:56  Overlord x3  
  132  14:06  Brood Lord  
  132  14:07  Brood Lord x2  
  132  14:08  Brood Lord  
  140  14:12  Brood Lord  
  136  14:25  Hatchery  
  117  14:34  Brood Lord  
  114  14:41  Corruptor x5  
  124  14:50  Zergling x16  
  122  15:01  Zergling x16  
  124  15:07  Chitinous Plating  
  107  15:22  Corruptor x2  
  110  15:29  Corruptor  
  110  15:30  Corruptor  
  105  15:37  Baneling x6  
  105  15:38  Baneling  
  105  15:42  Spore Crawler  
  100  15:47  Drone x4  
  104  15:57  Corruptor  
  106  16:14  Drone x8  
  105  16:27  Corruptor x4, Zerg Missile Weapons Level 1  
  110  16:35  Corruptor x2  
  118  16:54  Ultralisk x2  
  124  17:06  Ultralisk  
  130  17:11  Ultralisk  
  136  17:26  Brood Lord  
  136  17:37  Extractor  
  136  17:39  Extractor  
  136  17:42  Ultralisk  
  134  17:52  Brood Lord  
  132  18:04  Hatchery  
  127  18:11  Zergling x30  
  146  18:17  Overseer x2  
Show
View Real Time Build Order
Export as new Build Order

Aglomerat Zerg - Winner!

Build Orders: Hatch First, Lurkers 

Get SALT Encoding   

  12  0:03  Drone  
  13  0:14  Drone  
  14  0:28  Overlord  
  14  0:46  Drone x3  
  17  0:56  Hatchery  
  16  1:09  Spawning Pool  
  15  1:17  Extractor, Drone  
  15  1:18  Drone  
  16  1:27  Drone  
  17  1:35  Drone  
  18  1:44  Drone  
  19  1:51  Drone  
  20  1:55  Queen  
  22  2:02  Overlord  
  22  2:12  Queen  
  22  2:14  Zergling x2  
  25  2:23  Metabolic Boost  
  25  2:32  Queen  
  27  2:48  Queen  
  29  2:54  Drone  
  29  2:55  Drone x5  
  35  3:03  Baneling Nest  
  34  3:08  Evolution Chamber  
  34  3:09  Drone  
  34  3:24  Drone x2  
  35  3:47  Zerg Melee Weapons Level 1  
  35  3:50  Overlord x3  
  35  4:01  Spine Crawler  
  35  4:02  Spine Crawler  
  33  4:09  Spore Crawler  
  32  4:10  Drone  
  32  4:11  Drone x8  
  41  4:20  Lair  
  41  4:32  Pneumatized Carapace  
  41  4:42  Hatchery  
  40  4:50  Extractor  
  39  5:10  Evolution Chamber  
  39  5:12  Drone x4  
  39  5:13  Roach Warren  
  41  5:14  Drone x2  
  41  5:15  Zergling x2, Drone  
  41  5:16  Zergling x12  
  51  5:27  Spore Crawler  
  50  5:31  Spine Crawler  
  50  5:32  Drone x2  
  50  5:33  Drone x3  
  54  5:58  Extractor x2, Drone x3  
  54  5:59  Drone x2  
  54  6:00  Drone  
  54  6:03  Baneling x4  
  58  6:32  Drone  
  59  6:33  Drone x6  
  59  6:34  Overlord x6  
  65  7:00  Extractor  
  64  7:01  Glial Reconstitution  
  64  7:02  Hydralisk Den  
  64  7:03  Infestation Pit  
  64  7:04  Zerg Melee Weapons Level 2, Extractor  
  64  7:05  Zerg Ground Armor Level 1  
  64  7:07  Hatchery  
  58  7:23  Drone x3  
  58  7:24  Drone x3  
  58  7:28  Baneling  
  58  7:29  Baneling x9  
  64  7:43  Lurker Den  
  65  7:44  Roach x4  
  65  7:45  Roach x2  
  75  8:14  Drone  
  75  8:15  Drone x14  
  90  8:23  Muscular Augments  
  85  9:06  Roach  
  85  9:07  Roach x12  
  111  9:20  Overlord  
  111  9:21  Overlord x6, Spore Crawler  
  111  9:22  Overlord x2  
  110  9:25  Spore Crawler  
  109  9:34  Zerg Ground Armor Level 2  
  109  9:35  Zerg Missile Weapons Level 1  
  109  9:41  Extractor  
  109  9:42  Extractor, Roach x13  
  133  9:53  Zergling x22  
  144  10:22  Overlord x2  
  144  10:23  Overlord x2  
  144  10:24  Zergling x2  
  144  10:25  Zergling x20  
  155  10:36  Baneling x4  
  155  10:37  Baneling x11  
  155  10:39  Overlord x2  
  155  10:45  Extractor  
  155  10:49  Extractor, Spine Crawler  
  152  10:56  Hatchery  
  151  11:06  Centrifical Hooks  
  130  11:19  Hydralisk x9  
  130  11:20  Hydralisk x3  
  154  11:31  Drone x3  
  157  11:35  Overseer x2  
  93  12:29  Roach x7  
  125  12:30  Roach x16  
  116  12:52  Zerg Missile Weapons Level 2  
  116  12:54  Hive  
  116  12:59  Spire  
  116  13:05  Roach  
  117  13:06  Roach x14  
  121  13:29  Hydralisk x10  
  142  13:41  Drone x3  
  142  13:42  Drone  
  142  13:43  Drone x4  
  149  13:51  Overseer x2  
  149  14:01  Lurker  
  149  14:02  Lurker x9  
  159  14:14  Greater Spire  
  159  14:17  Hydralisk  
  159  14:18  Hydralisk x4  
  169  14:50  Hydralisk  
  169  14:51  Hydralisk x12  
  195  15:02  Hydralisk  
  195  15:03  Hydralisk  
  97  16:32  Roach x14  
  127  16:33  Roach  
  125  17:20  Extractor  
  125  17:21  Extractor  
  123  17:25  Drone  
  123  17:26  Drone x3  
  123  17:27  Hydralisk x4, Drone x2  
  123  17:28  Hydralisk x17  
Tags
 
Add a new tag
Caveats
  • Supply blocks, unpowered buildings, or Contaminate may cause inaccurate times.
  • Supply counts are checked every 10 seconds.